 Dungeon Crawl Stone Soup version 0.22.0-6-g71bd7aa6b3 (webtiles) character file.

114 Rerark the Chopper (level 4, 0/35 HPs)
             Began as a Vampire Berserker on Aug 14, 2018.
             Was a Follower of Trog.
             Succumbed to a big kobold's poison
             ... on level 3 of the Dungeon.
             The game lasted 00:07:45 (3828 turns).

Rerark the Chopper (Vampire Berserker)              Turns: 3828, Time: 00:07:45

Health: 0/35       AC:  2    Str: 17    XL:     4   Next: 67%
Magic:  4/4        EV:  9    Int:  9    God:    Trog [*.....]
Gold:   103        SH:  7    Dex: 13    Spells: 3/3 levels left

rFire    . . .     SeeInvis +   a - +0 hand axe
rCold    . . .     Gourm    .   e - +0 shield
rNeg     + . .     Faith    .   l - +0 ring mail
rPois    .         Spirit   .   (no helmet)
rElec    .         Reflect  .   (no cloak)
rCorr    .         Harm     .   (no gloves)
MR       .....                  (no boots)
Stlth    +.........             (no amulet)
HPRegen  0.11/turn              o - -3 ring of protection (curse)
MPRegen  0.09/turn              (no ring)

@: lethally poisoned (0 -> -15), flying
A: fangs 3, see invisible, unbreathing
a: Bat Form, Berserk, Renounce Religion


You were on level 3 of the Dungeon.
You worshipped Trog.
Trog was aware of your devotion.
You were not thirsty.

You visited 1 branch of the dungeon, and saw 3 of its levels.

You collected 103 gold pieces.

Inventory:

Hand Weapons
 a - a +0 hand axe (weapon)
Armour
 b - a +0 animal skin
 e - a +0 shield (worn)
 i - a +0 leather armour
 l - a +0 ring mail (worn)
Jewellery
 o - a cursed -3 ring of protection (left hand)
Scrolls
 g - 2 scrolls of blinking {unknown}
 h - a scroll of teleportation {unknown}
 m - a scroll of amnesia {unknown}
 p - a scroll of random uselessness {unknown}
Potions
 c - 5 potions of blood
 d - 2 potions of heal wounds {unknown}
 f - a potion of berserk rage {unknown}
 j - a potion of magic {unknown}
 k - a potion of degeneration {unknown}
 q - a potion of invisibility {unknown}


   Skills:
 + Level 3.4 Fighting
 + Level 3.6 Axes
 + Level 2.0 Armour
 + Level 2.8 Dodging
 + Level 1.7 Stealth
 + Level 0.6 Shields


You had 3 spell levels left.
You didn't know any spells.
Your spell library was empty.

Dungeon Overview and Level Annotations

Branches:
Dungeon (3/15)

Altars:
Cheibriados
Wu Jian

Annotations:
D:3 patthesweetcat's ghost, amateur OpTm


Innate Abilities, Weirdness & Mutations

You have razor-sharp teeth.
You have supernaturally acute eyesight. (SInv)
You can survive without breathing.


Message History

You are more poisoned.
* * * LOW HITPOINT WARNING * * *
You feel sick.
The big kobold shoots a poisoned needle.
The poisoned needle barely misses you.
You see here a poisoned needle.
There is a lethal amount of poison in your body!
It was a potion of flight.
You feel very buoyant.
You fly up into the air.
* * * LOW HITPOINT WARNING * * *
You feel sick.
The big kobold shoots a poisoned needle.
The poisoned needle completely misses you.
Yummy - fresh blood!
* * * LOW HITPOINT WARNING * * *
You feel sick.
The big kobold shoots a poisoned needle.
You block the poisoned needle.
You die...

############### #((@...........
#### #.####...####### #####..#
#(#.......#..... #P⌠P##.#
#(#.#.#.....#### ...K.#.#
#)#............#
?.###.'.#####K###.#####.##.##.
[....!'KKWK.KK#...............#
..###K'.#######.#...<...##.####
...K.#.# #.##.#.....# ..


There were no monsters in sight!

Vanquished Creatures
  An iguana (D:2)
  4 adders (D:2)
  A worm (D:2)
  A dart slug (D:2)
  A leopard gecko (D:2)
  5 bats
  3 giant cockroaches (D:2)
  2 goblins (D:2)
  5 hobgoblins
  3 jackals (D:1)
  10 kobolds
  2 quokkas (D:2)
  A frilled lizard (D:1)
  7 rats
46 creatures vanquished.

Notes
Turn   | Place    | Note
-------+----------+-------------------------------------------
     0 | D:1      | Rerark the Vampire Berserker began the quest for the Orb.
     0 | D:1      | Reached XP level 1. HP: 17/17 MP: 1/1
   260 | D:1      | Reached XP level 2. HP: 23/23 MP: 2/2
  1071 | D:2      | Found an ornate altar of the Wu Jian Council.
  1079 | D:2      | Reached XP level 3. HP: 19/29 MP: 3/3
  1475 | D:2      | Found a snail-covered altar of Cheibriados.
  1636 | D:2      | Reached ** piety under Trog
  1644 | D:2      | Reached skill level 1 in Stealth
  2623 | D:2      | Reached XP level 4. HP: 20/35 MP: 4/4
  3794 | D:3      | Found a runed gate.
  3794 | D:3      | Found a runed gate.
  3795 | D:3      | Found a runed gate.
  3801 | D:3      | Noticed patthesweetcat's ghost (amateur OpTm)
  3801 | D:3      | Noticed a big kobold
  3801 | D:3      | Noticed a big kobold
  3828 | D:3      | Succumbed to a big kobold's poison

Skill      XL: |  1  2  3  4 |
---------------+-------------+-----
Fighting       | 3 |  3.4
Axes           | 3 |  3.6
Stealth        | 1 |  1.7
Armour         | 2 |  2.0
Dodging        | |  2.8
Shields        | |  0.6

Action                   |  1- 3 |  4- 6 || total
-------------------------+-------+-------++-------
Melee: Hand axe          |   124 |    38 ||   162
       Bite              |    11 |     4 ||    15
  Use: Potion            |     1 |     6 ||     7
 Stab: Sleeping          |     3 |     5 ||     8
Armor: Animal skin       |    16 |       ||    16
       Leather armour    |     2 |       ||     2
       Ring mail         |    16 |     2 ||    18
Dodge: Dodged            |    67 |    15 ||    82
Block: Shield            |    40 |    17 ||    57
